 Dungeon Crawl Stone Soup version 0.26.0-10-g1f06aea511 (webtiles) character file.

Game seed: 3174772866091939528

2 Goblin1989 the Sneak (level 1, -5/18 HPs)
             Began as a Demonspawn Delver on Jan 27, 2021.
             Slain by an iguana (9 damage)
             ... on level 5 of the Dungeon.
             The game lasted 00:01:24 (407 turns).

Goblin1989 the Sneak (Demonspawn Delver)             Turns: 407, Time: 00:01:24

Health: -5/18      AC:  3    Str: 12    XL:     1   Next: 25%
Magic:  1/1        EV: 12    Int: 11    God:
Gold:   26         SH:  0    Dex: 14    Spells: 0/0 levels left

rFire    . . .     SeeInvis .   a - +0 mace
rCold    . . .     Faith    .   (no shield)
rNeg     . . .     Spirit   .   b - +0 leather armour
rPois    .         Reflect  .   (no helmet)
rElec    .         Harm     .   (no cloak)
rCorr    .         Rampage  .   (no gloves)
Will     .....                  (no boots)
Stlth    ++........             (no amulet)
HPRegen  0.06/turn              (no ring)
MPRegen  0.07/turn              (no ring)

@: no status effects
A: no striking features
a: no special abilities


You were on level 5 of the Dungeon.
You visited 1 branch of the dungeon, and saw 2 of its levels.

You collected 26 gold pieces.

Inventory:

Hand Weapons
 a - a +0 mace (weapon)
Missiles
 P - 93 stones (quivered) {@Q3}
Armour
 b - a +0 leather armour (worn)
Jewellery
 Q - an uncursed ring of stealth {unknown}
Wands
 g - a wand of digging (3) {@v1}
Scrolls
 c - a scroll of fog
 e - a scroll of fear
 M - a scroll of magic mapping
 N - a scroll of identify {unknown}
Potions
 f - a potion of haste {@q3,}
 O - 2 potions of curing {unknown}


   Skills:
 - Level 3.0 Fighting
 + Level 2.0 Maces & Flails
 - Level 1.7 Dodging
 - Level 4.5 Stealth


You couldn't memorise any spells.
You didn't know any spells.
Your spell library was empty.

Dungeon Overview and Level Annotations

Branches:
Dungeon (6/15)
 Temple: D:4-7

Altars:
Elyvilon


Message History

The quokka is almost dead.
The quokka closely misses you. The quokka barely misses you.
You thump the quokka!
You kill the quokka!
You see here a quokka corpse.
You start resting.
You hear the slow rusting of a very distant drain.
You regained 2 hp, and now have 9/18 hp.
You start resting.
You hear the slow rusting of a very distant drain.
You regained 3 hp, and now have 12/18 hp.
You start resting.
You hear the slow rusting of a very distant drain.
You regained 3 hp, and now have 15/18 hp.
You start resting.
HP restored.
Health restored: 18 You now have 11 gold pieces.
You hear the slow rusting of a very distant drain.
Found a hunting sling.
Found 27 stones.
Found 34 stones.
You see here 27 stones {@Q3}.
P - 27 stones {@Q3}
P - 61 stones {@Q3} (gained 34)
Found a stone staircase leading down.
An ice beast comes into view.
You hear the rusting of a very distant drain.
There is a stone staircase leading down here.
You climb downwards.
There is a stone staircase leading up here.
Found a leather armour.
A killer bee zombie comes into view.
Found a white marble altar of Elyvilon.
Found an escape hatch in the ceiling.
You see here a leather armour.
An ufetubus comes into view.
There is an escape hatch in the ceiling here.
Really go through this one-way escape hatch?
A mysterious force pulls you upwards. The hatch slams shut behind you.
You hear the sound of rushing water.
There is an entrance to a sewer on this level.
Hurry and find it before the portal rusts away!
Found 15 gold pieces and a whip.
You now have 26 gold pieces (gained 15).
You see here a whip.
Found a stone staircase leading down.
You hear the rusting of a very distant drain.
There is a stone staircase leading down here.
A quokka skeleton comes into view.
You hit the quokka skeleton.
The quokka skeleton is almost destroyed.
The quokka skeleton misses you.
You barely miss the quokka skeleton.
The quokka skeleton is almost destroyed.
The quokka skeleton completely misses you.
You hit the quokka skeleton.
You destroy the quokka skeleton!
Your Maces & Flails skill increases to level 2!
Unknown command.
Unknown command.
An adder comes into view.
Found a dark potion and a brass ring.
You hear the brisk rusting of a very distant drain.
Found 15 stones.
Q - a brass ring
O - 2 dark potions (gained 1)
P - 76 stones {@Q3} (gained 15)
Found 17 stones.
P - 93 stones {@Q3} (gained 17)
An iguana comes into view.
The iguana hisses angrily.
A centaur zombie comes into view.
The iguana moves out of view.
The centaur zombie moves out of view.
Found a club.
An orc comes into view. It is wielding a +0 hand axe.
You hit the iguana.
The iguana is lightly wounded.
You hear the brisk rusting of a very distant drain.
The iguana barely misses you.
You sock the iguana!
The iguana is heavily wounded.
The iguana bites you!
Ouch! That really hurt!
* * * LOW HITPOINT WARNING * * *
You take 10 damage, and have 8/18 hp.
MASSIVE DAMAGE!!
You closely miss the iguana.
The iguana is heavily wounded.
The iguana barely misses you.
You hit the iguana.
The iguana is severely wounded.
The iguana closely misses you. The iguana bites you.
* * * LOW HITPOINT WARNING * * *
You take 4 damage, and have 4/18 hp.
MASSIVE DAMAGE!!
You closely miss the iguana.
The iguana is severely wounded.
The iguana completely misses you.
You hit the iguana but do no damage.
The iguana is severely wounded.
The iguana bites you!
Ouch! That really hurt!
You die...

██..███████..██████.██
█..███...............
█......███........███
██.█████............█
█.█ █............. █.█
█......█████o█ █.█
███....█ █.█ ████....█
█.█ █.@lZ██.█ █.█
█.█████.█ ██.█ █.█ █).
█..█ █.█ ███. █.██ █.█
.. █.█ █.█ .. █.█ █.█
█.█ █.█ █.█ █.█


You could see an iguana and a centaur zombie.

Vanquished Creatures
  A quokka (D:5)
  A quokka skeleton (D:5)
2 creatures vanquished.

Notes
Turn   | Place    | Note
-------+----------+-------------------------------------------
     0 | D:5      | Goblin1989 the Demonspawn Delver began the quest for the
                  | Orb.
     0 | D:5      | Reached XP level 1. HP: 18/18 MP: 1/1
   247 | D:5      | Noticed an ice beast
   269 | D:6      | Found a white marble altar of Elyvilon.
   394 | D:5      | Noticed an iguana
   407 | D:5      | Slain by an iguana

Illustrated notes

Levels and vault maps discovered:
D:5:      layout_loops_ring, portal_sewer_entry_e
D:6:      layout_basic, serial_shops, shop, basic_altar, uniq_pikel

Skill      XL: |  1 |
---------------+----+-----
Maces & Flails | 2 |  2.0
Fighting       | |  3.0
Dodging        | |  1.7
Stealth        | |  4.5

Action                   || total
-------------------------++-------
Melee: Mace              ||    21
Armor: Leather armour    ||     5
Dodge: Dodged            ||    14
